 Dungeon Crawl Stone Soup version 0.29.1-1-gd02db69 (webtiles) character file.

Game seed: 13185559177205077946

38768 Kel the Severer (level 14, 0/94 HPs)
             Began as a Gargoyle Berserker on Nov 25, 2022.
             Was an Elder of Trog.
             Slain by a green very ugly thing (3 damage)
             ... on level 3 of the Abyss.
             The game lasted 00:40:09 (16827 turns).

Kel the Severer (Gargoyle Berserker)               Turns: 16827, Time: 00:40:09

Health: 0/94       AC: 31    Str: 24    XL:     14   Next: 3%
Magic:  0/23       EV:  3    Int:  8    God:    Trog [****..]
Gold:   1098       SH: 10    Dex: 13    Spells: 13/13 levels left

rFire   . . .      SeeInvis .   A - +8 war axe "Newt's Doom" {elec, MP+9}
rCold   + . .      Faith    .   G - +0 tower shield
rNeg    + . .      Spirit   +   y - +0 plate armour
rPois   ∞          Reflect  .   (no helmet)
rElec   +          Harm     .   V - +0 cloak
rCorr   .          Rampage  .   f - +0 pair of gloves
Will    +++..                   i - +0 pair of boots
Stlth   ..........              Q - amulet of guardian spirit
HPRegen 1.25/turn               d - +4 ring of protection
MPRegen 0.18/turn               o - ring of protection from cold

@: mighty, strong-willed, corroded, on berserk cooldown, flying, regenerating,
slowed, unable to read, very slow
A: sickness immunity, AC +10, big wings, negative energy resistance 1,
electricity resistance, torment resistance 1, petrification resistance, agile 1,
wild magic 1, inability to read after injury 1
a: Renounce Religion, Berserk, Trog's Hand, Brothers in Arms


You were on level 3 of the Abyss.
You worshipped Trog.
Trog was greatly pleased with you.
You visited 1 branch of the dungeon, and saw 15 of its levels.
You visited the Abyss 1 time.
You also visited: Bailey.

You collected 1098 gold pieces.

Inventory:

Hand Weapons
 A - the +8 war axe "Newt's Doom" (weapon) {elec, MP+9}
   (You found it on level 4 of the Dungeon)

   It occasionally discharges a powerful burst of electricity upon striking a
   foe.
   MP:        It affects your magic capacity (+9).
 O - a +7 demon blade of flaming
Missiles
 h - 2 throwing nets (quivered)
Armour
 f - a +0 pair of gloves (worn)
 i - a +0 pair of boots (worn)
 y - a +0 plate armour (worn)
 G - a +0 tower shield (worn)
 V - a +0 cloak (worn)
Jewellery
 c - a +4 ring of protection
 d - a +4 ring of protection (left hand)
 l - a ring of protection from fire
 o - a ring of protection from cold (right hand)
 Q - an amulet of guardian spirit (around neck)
Wands
 s - a wand of charming (10)
 v - a wand of iceblast (31)
 I - a wand of flame (58)
 L - a wand of mindburst (23)
 P - a wand of digging (6)
 R - a wand of light (5)
 U - a wand of polymorph (6)
Scrolls
 b - 2 scrolls of blinking
 e - 6 scrolls of fog
 j - 4 scrolls of fear
 k - a scroll of torment
 m - 2 scrolls of enchant armour
 r - 3 scrolls of brand weapon
 x - 4 scrolls of teleportation
 C - 4 scrolls of poison
 E - 4 scrolls of magic mapping
 S - a scroll of silence
Potions
 n - 4 potions of attraction
 q - 5 potions of haste
 t - 2 potions of ambrosia {unknown}
 u - 2 potions of magic
 z - 3 potions of brilliance
 B - a potion of resistance
 F - 3 potions of mutation
 H - a potion of might
 J - 3 potions of cancellation {unknown}
 K - 6 potions of flight
Miscellaneous
 N - a phantom mirror


   Skills:
 * Level 13.1 Fighting
 - Level 16.0 Axes
 * Level 12.9 Armour
 - Level 1.5 Dodging


You had 13 spell levels left.
You didn't know any spells.
Your spell library was empty.

Dungeon Overview and Level Annotations

Branches:
Dungeon (15/15)            Temple (0/1) D:6            Lair (0/5) D:9
    Orc (0/2) D:10         Vaults (0/5) D:13         Bailey (visited)
 Depths: D:15

Altars:
Ashenzari
Cheibriados
Hepliaklqana
Makhleb
Nemelex Xobeh
Okawaru
Qazlal
Ru
Sif Muna
Trog
Uskayaw
Vehumet
Xom
Yredelemnul
The Shining One

Shops:
D:7 (   D:9 :**[?   D:11 !


Innate Abilities, Weirdness & Mutations

You are immune to sickness and miasma.
Your stone body is resilient. (AC +10)
You are immune to poison.
Your large and strong wings let you fly.
You resist negative energy. (rN+)
You are resistant to electric shocks. (rElec)
You are resistant to unholy torment.
You are immune to petrification.
You are agile. (Dex +4, Str/Int -1)
Your spells are a little harder to cast, but a little more powerful.
You occasionally lose the ability to read scrolls when taking damage.


Message History

The green very ugly thing punches you but does no damage.
You feel less attractive to monsters.
You slash the green very ugly thing!
Lightning courses through the green very ugly thing!
The green very ugly thing is almost dead.
You closely miss the green very ugly thing.
You start to feel less resistant.
The green very ugly thing punches you but does no damage.
The green very ugly thing basks in the mutagenic energy from its kin and changes!
You barely miss the green very ugly thing.
The green very ugly thing is almost dead.
You slash the brown very ugly thing!
Lightning courses through the brown very ugly thing!
The green very ugly thing punches you!
The brown very ugly thing basks in the mutagenic energy from its kin and changes!
The green very ugly thing punches you but does no damage.
You closely miss the green very ugly thing.
The green very ugly thing is almost dead.
You barely miss the brown very ugly thing.
You block the brown very ugly thing's attack.
The green very ugly thing punches you!
* * * LOW HITPOINT WARNING * * *
The brown very ugly thing completely misses you.
The green very ugly thing punches you but does no damage.
You barely miss the green very ugly thing.
The green very ugly thing is almost dead.
You hit the brown very ugly thing.
Your resistance to elements expires.
The green very ugly thing basks in the mutagenic energy from its kin and changes!
The brown very ugly thing claws you!
* * * LOW HITPOINT WARNING * * *
You are splashed with acid.
* * * LOW HITPOINT WARNING * * *
The green very ugly thing punches you but does no damage.
The brown very ugly thing claws you!
* * * LOW HITPOINT WARNING * * *
The acid corrodes you!
You are splashed with acid!
* * * LOW HITPOINT WARNING * * *
The green very ugly thing punches you.
You die...

.. .. #
#. .###.
...u
#uu## ##
#uuu##.#
#@#.#
#.....#
#.#####
... ##..
.#. .#..
.. .#


You could see 4 very ugly things and 2 ugly things.

Vanquished Creatures
  A caustic shrike skeleton (Abyss:3)
  Nessos (D:15)
  A rakshasa (D:14)
  4 vault guards (D:13)
  5 centaur warriors
  3 two-headed ogres
  3 tengu warriors (D:13)
  2 thrashing horrors (Abyss:3)
  6 skeletal warriors (D:13)
  Pikel (D:8)
  3 ugly things
  An orc sorcerer (D:10)
  7 manticores
  An apocalypse crab (Abyss:3)
  Joseph (D:10)
  Maurice (D:12)
  The ghost of Jonnyslop the Spear-Bearer, a novice MiFi (D:4)
  Maggie (D:6)
  2 unseen horrors (D:13)
  A gargoyle (D:10)
  2 efreet
  2 kobold demonologists
  3 komodo dragons
  6 trolls
  Grinder (D:6)
  6 slime creatures (D:12)
  6 flying skulls (Abyss:3)
  A ynoxinul (Abyss:3)
  2 wraiths
  2 wyverns
  7 yaks
  A vampire (D:11)
  2 basilisks
  7 humans (D:13)
  2 steam dragons (D:8)
  Eustachio (D:4)
  4 vampire mosquitoes
  A neqoxec (Abyss:3)
  2 acid dragons
  3 water moccasins
  11 orc warriors
  A sky beast (D:6)
  An ice beast (D:5)
  2 ogres
  13 centaurs
  2 lemures (D:8)
  5 phantoms
  Blork the orc (D:6)
  A necrophage (D:5)
  A gnoll sergeant (D:8)
  3 bullfrogs
  3 scorpions
  3 wights (D:7)
  2 troll zombies (D:10)
  5 killer bees (D:9)
  2 howler monkeys (D:7)
  3 jellies
  3 hounds
  7 orc priests
  3 gnoll boudas
  3 iguanas
  17 orc wizards
  4 ogre zombies (D:10)
  16 gnolls
  7 adders
  2 shadow imps
  2 white imps
  An ufetubus (D:6)
  A worm (D:3)
  3 dart slugs (D:1)
  48 orcs
  9 endoplasms
  14 goblins
  7 hobgoblins
  13 jackals
  12 kobolds
  2 quokkas
  7 ball pythons
  4 bats
  6 frilled lizards
  A goblin zombie (D:10)
  4 hobgoblin zombies (D:10)
  2 orc skeletons (D:10)
  12 orc zombies (D:10)
  3 rats (D:1)
  A spectral orc (D:4)
380 creatures vanquished.

Vanquished Creatures (collateral kills)
  A tentacled starspawn (Abyss:3)
  A small abomination (Abyss:3)
  2 starcursed masses (Abyss:3)
4 creatures vanquished.

Vanquished Creatures (others)
  A human (D:13)
  13 plants (D:9)
  9 starspawn tentacles (Abyss:3)
23 creatures vanquished.

Grand Total: 407 creatures vanquished

Notes
Turn   | Place    | Note
-------+----------+-------------------------------------------
     0 | D:1      | Kel the Gargoyle Berserker began the quest for the Orb.
     0 | D:1      | Reached XP level 1. HP: 14/14 MP: 1/1
   157 | D:1      | Reached skill level 3 in Axes
   160 | D:1      | Reached XP level 2. HP: 18/19 MP: 2/2
   359 | D:1      | Reached XP level 3. HP: 23/23 MP: 3/3
   557 | D:1      | Reached ** piety under Trog
   571 | D:1      | Reached skill level 4 in Axes
  1060 | D:2      | Found a faded altar of an unknown god.
  1480 | D:2      | Reached XP level 4. HP: 27/28 MP: 4/4
  2218 | D:3      | Found a shimmering blue altar of Sif Muna.
  3001 | D:4      | Noticed Eustachio
  3033 | D:4      | Killed Eustachio
  3034 | D:4      | Reached skill level 6 in Axes
  3034 | D:4      | Reached XP level 5. HP: 17/32 MP: 5/5
  3034 | D:4      | Reached XP level 6. HP: 19/37 MP: 6/6
  3425 | D:4      | Found a shimmering altar of Xom.
  3551 | D:4      | Found a runed translucent door.
  3551 | D:4      | Noticed Jonnyslop's ghost (novice MiFi)
  3574 | D:4      | Found a sacrificial altar of Ru.
  3797 | D:4      | Found a basalt altar of Yredelemnul.
  3941 | D:4      | Identified the +8 war axe "Newt's Doom" {elec, MP+9}
  4194 | D:4      | Killed Jonnyslop's ghost
  4195 | D:4      | Reached skill level 7 in Axes
  4195 | D:4      | Reached XP level 7. HP: 12/41 MP: 7/7
  4459 | D:5      | Entered Level 5 of the Dungeon
  4472 | D:5      | Reached skill level 8 in Axes
  4482 | D:5      | Reached *** piety under Trog
  4591 | D:5      | Reached XP level 8. HP: 46/46 MP: 8/8
  4648 | D:5      | Reached skill level 9 in Axes
  4671 | D:5      | Identified the ring of Past Mistakes {rElec rC+}
  5223 | D:5      | Reached skill level 10 in Axes
  5247 | D:5      | Found a hazy altar of Hepliaklqana.
  5364 | D:6      | Noticed Blork the orc
  5368 | D:6      | Killed Blork the orc
  5373 | D:6      | Reached **** piety under Trog
  5374 | D:6      | Reached XP level 9. HP: 49/51 MP: 9/9
  5496 | D:6      | Noticed Grinder
  5500 | D:6      | Killed Grinder
  5501 | D:6      | Reached skill level 11 in Axes
  5507 | D:6      | Found a staircase to the Ecumenical Temple.
  5643 | D:6      | Noticed Maggie
  5651 | D:6      | Killed Maggie
  6049 | D:7      | Found Zyth's Antique Weapon Shoppe.
  6050 | D:7      | Identified the +12 short sword "Mesy" {pain, rC+ Int+3
                  | SInv}
  6078 | D:7      | Reached skill level 12 in Axes
  6653 | D:7      | Found a stormy altar of Qazlal.
  6661 | D:7      | Reached XP level 10. HP: 51/56 MP: 10/10
  6669 | D:7      | Reached skill level 13 in Axes
  6751 | D:7      | Found a bloodstained altar of Trog.
  6852 | D:7      | Found a sparkling altar of Nemelex Xobeh.
  6957 | D:8      | Found a broken altar of Ashenzari.
  6976 | D:8      | Found a burning altar of Makhleb.
  7074 | D:8      | Noticed a manticore
  7087 | D:8      | Killed a manticore
  7180 | D:8      | Noticed Pikel
  7191 | D:8      | Killed Pikel
  7602 | D:9      | Reached skill level 14 in Axes
  7750 | D:9      | Found Seitaas's General Store.
  7754 | D:9      | Found Patid's Book Shop.
  7872 | D:9      | Found Raruew's Magic Scroll Shoppe.
  8008 | D:9      | Found Wiohup's Assorted Antiques.
  8044 | D:9      | Found a glowing golden altar of the Shining One.
  8122 | D:9      | Reached ***** piety under Trog
  8158 | D:9      | Found a radiant altar of Vehumet.
  8168 | D:9      | Found a staircase to the Lair.
  8312 | D:9      | Found Jyraim's Antique Armour Boutique.
  8352 | D:9      | Noticed a +0 spear
  8352 | D:9      | Noticed a +0 dagger
  8353 | D:9      | Noticed a +0 dagger
  8356 | D:9      | Noticed a +0 falchion
  8356 | D:9      | Noticed a +0 short sword
  8359 | D:9      | Noticed a +0 short sword
  8363 | D:9      | Noticed a +0 spear
  8364 | D:9      | Noticed a +0 falchion
  8367 | D:9      | Found a hide-covered altar of Uskayaw.
  8549 | D:10     | Entered Level 10 of the Dungeon
  8571 | D:10     | Noticed a centaur warrior
  8584 | D:10     | Killed a centaur warrior
  8585 | D:10     | Reached skill level 15 in Axes
  8585 | D:10     | Reached XP level 11. HP: 22/60 MP: 11/11
  8813 | D:10     | Found a flagged portal.
  8829 | Bailey   | Entered a bailey
  9344 | D:10     | Found a staircase to the Orcish Mines.
  9344 | D:10     | Noticed an orc sorcerer
  9365 | D:10     | Killed an orc sorcerer
  9366 | D:10     | Received a gift from Trog
  9444 | D:10     | Found a snail-covered altar of Cheibriados.
  9445 | D:10     | Found an iron altar of Okawaru.
  9457 | D:10     | Noticed Joseph
  9469 | D:10     | Killed Joseph
  9732 | D:10     | Noticed a two-headed ogre
  9742 | D:10     | Killed a two-headed ogre
  9743 | D:10     | Reached skill level 16 in Axes
 10384 | D:10     | Noticed a manticore
 10395 | D:10     | Killed a manticore
 10527 | D:11     | Noticed a two-headed ogre
 10543 | D:11     | Killed a two-headed ogre
 10544 | D:11     | Reached skill level 5 in Fighting
 10919 | D:11     | Reached skill level 5 in Armour
 11047 | D:11     | Noticed a manticore
 11054 | D:11     | Killed a manticore
 11300 | D:11     | Identified the +2 leather armour "Hero's Friend" {Stlth+}
 11374 | D:11     | Reached XP level 12. HP: 39/71 MP: 12/12
 12094 | D:11     | Found Yzerib's Distillery.
 12932 | D:12     | Noticed Maurice
 12955 | D:12     | Killed Maurice
 13370 | D:13     | Received a gift from Trog
 13443 | D:13     | Noticed a centaur warrior
 13454 | D:13     | Killed a centaur warrior
 13455 | D:13     | Noticed a tengu warrior
 13470 | D:13     | Killed a tengu warrior
 13836 | D:13     | Noticed a tengu warrior
 13840 | D:13     | Noticed a tengu warrior
 13857 | D:13     | Killed a tengu warrior
 13859 | D:13     | Killed a tengu warrior
 14104 | D:13     | Reached skill level 10 in Fighting
 14164 | D:13     | Reached skill level 10 in Armour
 14164 | D:13     | Reached XP level 13. HP: 81/83 MP: 13/13
 14952 | D:13     | Noticed a vault guard
 14987 | D:13     | Killed a vault guard
 14988 | D:13     | Noticed a vault guard
 14996 | D:13     | Killed a vault guard
 14997 | D:13     | Noticed a vault guard
 15002 | D:13     | Noticed a vault guard
 15005 | D:13     | Killed a vault guard
 15017 | D:13     | Killed a vault guard
 15217 | D:13     | Found a gate to the Vaults.
 15665 | D:14     | Noticed a rakshasa
 15672 | D:14     | Killed a rakshasa
 16345 | D:15     | Entered Level 15 of the Dungeon
 16503 | D:15     | Noticed Nessos
 16513 | D:15     | Killed Nessos
 16523 | Abyss:3  | Cast into level 3 of the Abyss (a wizard)
 16754 | Abyss:3  | Gained mutation: You are frail. (-10% HP) [a neqoxec]
 16755 | Abyss:3  | Noticed a starcursed mass
 16755 | Abyss:3  | Noticed a tentacled starspawn
 16785 | Abyss:3  | Noticed a starcursed mass
 16786 | Abyss:3  | Noticed a starcursed mass
 16789 | Abyss:3  | Paralysed by accursed screaming for 2 turns
 16796 | Abyss:3  | Lost mutation: You are frail. (-10% HP) [potion of
                  | mutation]
 16796 | Abyss:3  | Gained mutation: You are agile. (Dex +4, Str/Int -1)
                  | [potion of mutation]
 16796 | Abyss:3  | Gained mutation: Your spells are a little harder to cast,
                  | but a little more powerful. [potion of mutation]
 16796 | Abyss:3  | Gained mutation: You occasionally lose the ability to read
                  | scrolls when taking damage. [potion of mutation]
 16800 | Abyss:3  | Paralysed by accursed screaming for 2 turns
 16806 | Abyss:3  | Killed a tentacled starspawn
 16807 | Abyss:3  | Gained mutation: Your large and strong wings let you fly.
                  | [Gargoyle growth]
 16807 | Abyss:3  | Reached XP level 14. HP: 41/94 MP: 0/14
 16816 | Abyss:3  | Noticed a green very ugly thing
 16818 | Abyss:3  | Noticed a green very ugly thing
 16818 | Abyss:3  | Noticed a green very ugly thing
 16818 | Abyss:3  | Noticed a green very ugly thing
 16827 | Abyss:3  | HP: 3/94 [acid (6)]
 16827 | Abyss:3  | Slain by a green very ugly thing

Illustrated notes

Levels and vault maps discovered:
D:1:      saegor_arrival_simple_d, layout_basic, minmay_splitting_lines,
          minmay_tromino_v4_a
D:2:      layout_loops_ring, nicolae_ecumenical_lake_church
D:3:      layout_loops_ring, lemuel_blue_sif_altar
D:4:      layout_loops_corners, nicolae_ru_the_path_less_chosen, tgw_xom,
          yredelemnul_forgotten_temple_becter, serial_forest,
          infiniplex_forest_straight_2, infiniplex_forest_straight_4,
          infiniplex_forest_corner_2, infiniplex_forest_zigzag_1,
          ebering_ghost_reflecting_pool, uniq_eustachio
D:5:      layout_cave_pools, worldfamousw_hep_ancestral_shrine
D:6:      layout_basic, minmay_temple_entry_sparse_star, uniq_grinder,
          uniq_blork_the_orc, uniq_maggie
D:7:      layout_gridville, kennysheep_mini, mainiacjoe_overflow_cross_hatched,
          marbit_many_paths, serial_shops, nicolae_stop_n_shop_2
D:8:      layout_gridville, evilmike_ruin_ashenzari,
          mainiacjoe_overflow_tiny_flanked, st_stairs_4, uniq_pikel
D:9:      layout_long_grid, nicolae_vehumet_radiance, nicolae_uskayaw_en_pointe,
          mainiacjoe_overflow_alcove_2, david_lair_shrubbed, serial_shops, shop,
          nicolae_shop_overgrown_old_shop, shop_statue, nicolae_shop_crystal,
          shop, supply_closet_lemuel
D:10:     layout_loops_corners, nicolae_overflow_squiral, zombieorc1_lemuel,
          enter_bailey_5, kennysheep_small_circle, uniq_joseph
D:11:     layout_basic, serial_shops, nicolae_shop_waterfront
D:12:     layout_long_grid, uniq_maurice
D:13:     layout_stronghold, ximxim_vaults_locker_room
D:14:     layout_loops_cross, minmay_orc_keep
D:15:     hangedman_depths_entry_try_elsewhere_first, layout_rooms, uniq_nessos
Abyss:3:  base: D:10, eino_small_chamber_without_monster,
          evilmike_abyss_exit_chaos

Skill      XL: |  1  2  3  4  5  6  7  8  9 10 11 12 13 |
---------------+----------------------------------------+-----
Axes           | 3 4 6 7 8 10 12 15 16 | 16.0
Armour         | 5 10 12 | 12.9
Fighting       | 6 10 13 | 13.1
Dodging        | |  1.5

Action                   |  1- 3 |  4- 6 |  7- 9 | 10-12 | 13-15 || total
-------------------------+-------+-------+-------+-------+-------++-------
Melee: Hand axe          |    99 |       |       |       |       ||    99
       Punch             |     2 |     1 |     3 |     5 |       ||    11
       War axe           |     7 |   112 |   152 |   471 |   222 ||   964
Invok: Berserk           |       |     1 |     2 |     8 |     4 ||    15
       Trog's Hand       |       |       |       |       |     2 ||     2
       Brothers in Arms  |       |       |       |       |     2 ||     2
Evoke: Phantom mirror    |       |       |       |       |     2 ||     2
  Use: Scroll            |       |       |     8 |     8 |     3 ||    19
       Potion            |       |       |       |     1 |    21 ||    22
Armor: Animal skin       |     2 |       |       |       |       ||     2
       Scale mail        |    27 |       |       |       |       ||    27
       Chain mail        |    55 |    96 |   103 |    44 |       ||   298
       Plate armour      |       |       |       |   330 |   220 ||   550
       Skin              |       |       |       |     5 |       ||     5
Dodge: Dodged            |    63 |    51 |    67 |   148 |    42 ||   371
Block: Other             |       |       |       |    75 |       ||    75
       Reflection        |       |       |       |    10 |       ||    10
       Kite shield       |       |       |       |    19 |    22 ||    41
       Buckler           |       |       |       |     7 |       ||     7
       Tower shield      |       |       |       |       |    87 ||    87
